 Dungeon Crawl Stone Soup version 0.20-a0-2-g2b0e13a (webtiles) character file.

62 Naow the Skirmisher (level 4, 0/55 HPs)
             Began as an Ogre Hunter on Oct 28, 2016.
             Succumbed to an adder's poison
             ... on level 2 of the Dungeon.
             The game lasted 00:03:03 (2214 turns).

Naow the Skirmisher (Ogre Hunter)                   Turns: 2214, Time: 00:03:03

Health: 0/55       AC:  3    Str: 15 (18) XL:     4   Next: 8%
Magic:  4/4        EV: 10    Int:  7 (10) God:
Gold:   155        SH:  0    Dex:  7 (10) Spells: 0 memorised, 3 levels left

rFire  . . .     SeeInvis .     a - +0 short sword
rCold  . . .     Gourm    .     b - +0 robe
rNeg   . . .     Faith    .     (no shield)
rPois  .         Spirit   .     (helmet restricted)
rElec  .         Reflect  .     (no cloak)
rCorr  .         Harm     .     (gloves unavailable)
MR     .....                    (boots unavailable)
Stlth  +.........               (no amulet)
                                (no ring)
                                (no ring)

@: lethally poisoned (0 -> -2)
A: unfitting armour, deterioration 1, sense surroundings 1, robust 1, tough skin
1
a: no special abilities


You were on level 2 of the Dungeon.
You were not hungry.

You visited 1 branch of the dungeon, and saw 2 of its levels.

You collected 155 gold pieces.

Inventory:

Hand Weapons
 a - a +0 short sword (weapon)
 e - a +0 club
Missiles
 c - 5 large rocks (quivered)
 d - 2 throwing nets
Armour
 b - a +0 robe (worn)
Scrolls
 i - 2 scrolls of teleportation {unknown}
 l - a scroll of remove curse {unknown}
 o - a scroll of identify {unknown}
 p - a scroll of fog {unknown}
 q - 2 scrolls of enchant armour {unknown}
 u - a scroll of amnesia {unknown}
Comestibles
 f - a bread ration
 j - a beef jerky
 k - 2 chunks of flesh
 r - a meat ration
 s - 2 fruits


   Skills:
 + Level 5.0 Fighting
 + Level 2.1 Maces & Flails
 - Level 4.0 Throwing
 - Level 1.7 Dodging
 - Level 0.6 Stealth


You had 3 spell levels left.
You didn't know any spells.

Dungeon Overview and Level Annotations

Branches:
Dungeon (2/15)

Altars:
Nemelex Xobeh


Innate Abilities, Weirdness & Mutations

You are too large for most types of armour.
You have tough skin. (AC +1)
Your body sometimes deteriorates upon taking damage.
You passively map a small area around you.
You are robust. (+10% HP)


Message History

There is a lethal amount of poison in your body!
There is a lethal amount of poison in your body!
* * * LOW HITPOINT WARNING * * *
You feel sick.
* * * LOW HITPOINT WARNING * * *
You feel sick.
* * * LOW HITPOINT WARNING * * *
You feel sick.
Your transformation is almost over.
* * * LOW HITPOINT WARNING * * *
You feel sick.
* * * LOW HITPOINT WARNING * * *
You feel sick.
* * * LOW HITPOINT WARNING * * *
You feel sick.
* * * LOW HITPOINT WARNING * * *
You feel sick.
You feel less woody.
Your +0 robe unmelds from your body.
You die...

## #,# #######.####.#.### #.#.*
##.####.#.... . ....###
#.(.##....### .. .....
#######'###### * $.. , ...
#............. *
..##,#†##...........(. * #..
..###.#............. , ..
#.#)##......8...... * #.(
#.@###....♣♣.♣♣.... #..
#.†###....♣.).♣....
####..###..#.'...8..8..8...
............#.#....♣...♣....
##.##...........#....♣♣.♣♣....
####........<......#......8......
#.....##.##.###..###.............
#........... ....# #.............
#.....##.## ###....#.............


There were no monsters in sight!

Vanquished Creatures
  2 adders (D:2)
  A leopard gecko (D:2)
  A giant cockroach (D:2)
  4 goblins
  8 hobgoblins
  9 jackals (D:1)
  4 bats
  A frilled lizard (D:2)
  3 kobolds
  5 rats
38 creatures vanquished.

Notes
Turn   | Place    | Note
-------+----------+-------------------------------------------
     0 | D:1      | Naow the Ogre Hunter began the quest for the Orb.
     0 | D:1      | Reached XP level 1. HP: 22/22 MP: 1/1
    87 | D:1      | Reached skill level 3 in Fighting
   416 | D:1      | Reached XP level 2. HP: 10/31 MP: 2/2
   966 | D:1      | Reached skill level 4 in Fighting
  1079 | D:1      | Found a sparkling altar of Nemelex Xobeh.
  1567 | D:1      | Reached skill level 1 in Maces & Flails
  1584 | D:1      | Reached XP level 3. HP: 34/40 MP: 3/3
  2083 | D:2      | Gained mutation: You are robust. (+10% HP) [potion of mutation]
  2083 | D:2      | Gained mutation: You passively map a small area around you. [potion of mutation]
  2083 | D:2      | Gained mutation: Your body sometimes deteriorates upon taking damage. [potion of mutation]
  2200 | D:2      | Reached skill level 5 in Fighting
  2200 | D:2      | Reached XP level 4. HP: 7/55 MP: 4/4
  2202 | D:2      | HP: 4/82 [poisoned by an adder]
  2207 | D:2      | HP: 2/82 [poisoned by an adder]
  2214 | D:2      | Succumbed to an adder's poison

Vault maps used:
D:1:      lemuel_arrival_cross, nemelex_xobeh_ov_fountains_minmay
D:2:      kennysheep_generic_room_2

Skill      XL: |  1  2  3 |
---------------+----------+-----
Fighting       | 3 4 5 |  5.0
Maces & Flails | 1 2 |  2.1
Throwing       | |  4.0
Dodging        | |  1.7
Stealth        | |  0.6

Action                   |  1- 3 |  4- 6 || total
-------------------------+-------+-------++-------
Melee: Short sword       |   192 |       ||   192
  Use: Potion            |     6 |       ||     6
 Stab: Sleeping          |     1 |       ||     1
  Eat: Chunk             |     4 |       ||     4
Armor: Robe              |    69 |       ||    69
       Skin              |    69 |       ||    69
Dodge: Dodged            |   130 |       ||   130
